PAA
NUEVO MEXICO MARIACHIS @ WESTWOOD SIXSHOOTERS
08/02/2042
 
TOP OF THE 1ST
Nuevo Mexico Mariachis batting - Pitching for Westwood Sixshooters : RHP Rio Dring
Pitching: RHP Rio Dring
Batting: RHB José Salas 0-0: Called Strike
0-1: Foul Ball, location: 2F
0-2: Ball
1-2: Ball
2-2: Strikes out swinging
Batting: RHB Jaime Montés 0-0: Ball
1-0: Fly out, F8 (Flyball, 78M, EV 90.6 MPH)
Batting: LHB Carlos Díaz 0-0: Ball
1-0: Ball
2-0: Called Strike
2-1: Ball
3-1: Base on Balls
Batting: LHB Albert Porter 0-0: Ball
1-0: Called Strike
1-1: Foul Ball, location: 2F
1-2: Ball
2-2: Strikes out swinging
Top of the 1st over - 0 runs, 0 hits, 0 errors, 1 left on base; Nuevo Mexico 0 - Westwood 0
BOTTOM OF THE 1ST
Westwood Sixshooters batting - Pitching for Nuevo Mexico Mariachis : LHP Gerard Fyson
Pitching: LHP Gerard Fyson
Batting: RHB Juan Sierra 0-0: Ground out 2-3 (Groundball, 15S, EV 66.2 MPH)
Batting: RHB John Siddall 0-0: Ball
1-0: Called Strike
1-1: Ball
2-1: Ground out 4-3 (Groundball, 4, EV 91.2 MPH)
Batting: LHB Luis Benítez 0-0: Called Strike
0-1: Foul Ball, location: 2F
0-2: Strikes out swinging
Bottom of the 1st over - 0 runs, 0 hits, 0 errors, 0 left on base; Nuevo Mexico 0 - Westwood 0
TOP OF THE 2ND
Nuevo Mexico Mariachis batting - Pitching for Westwood Sixshooters : RHP Rio Dring
Batting: LHB Greg Rogers 0-0: Ball
1-0: Swinging Strike
1-1: Ball
2-1: Foul Ball, location: 2F
2-2: Foul Ball, location: 2F
2-2: Strikes out swinging
Batting: RHB Marvin Clark 0-0: Called Strike
0-1: Ball
1-1: Ground out 4-3 (Groundball, 4, EV 83.8 MPH)
Batting: RHB Pedro Santos 0-0: Ball
1-0: Ball
2-0: Ball
3-0: Called Strike
3-1: Called Strike
3-2: Ground out 1-3 (Groundball, 13, EV 87.5 MPH)
Top of the 2nd over - 0 runs, 0 hits, 0 errors, 0 left on base; Nuevo Mexico 0 - Westwood 0
BOTTOM OF THE 2ND
Westwood Sixshooters batting - Pitching for Nuevo Mexico Mariachis : LHP Gerard Fyson
Batting: RHB Slavik Akentiev 0-0: Called Strike
0-1: Ball
1-1: Foul Ball, location: 2F
1-2: Strikes out swinging
Batting: LHB Rick Kirkham 0-0: Ball
1-0: Fly out, F8 (Flyball, 89S, EV 94.4 MPH)
Batting: RHB Earl McCarty 0-0: Ball
1-0: Ball
2-0: Called Strike
2-1: Foul Ball, location: 2F
2-2: Foul Ball, location: 2F
2-2: Ball
3-2: Fly out, F7 (Flyball, 78S, EV 86.2 MPH)
Bottom of the 2nd over - 0 runs, 0 hits, 0 errors, 0 left on base; Nuevo Mexico 0 - Westwood 0
TOP OF THE 3RD
Nuevo Mexico Mariachis batting - Pitching for Westwood Sixshooters : RHP Rio Dring
Batting: LHB Ryutaro Watanabe 0-0: Ball
1-0: Foul Ball, location: 2F
1-1: Ball
2-1: Called Strike
2-2: Strikes out looking
Batting: RHB Sergio Dávalos 0-0: Ball
1-0: Foul Ball, location: 2F
1-1: Called Strike
1-2: Strikes out looking
Batting: RHB José Salas 0-0: Foul Ball, location: 2F
0-1: Ground out U3 (Groundball, 34, EV 101.9 MPH)
Top of the 3rd over - 0 runs, 0 hits, 0 errors, 0 left on base; Nuevo Mexico 0 - Westwood 0
BOTTOM OF THE 3RD
Westwood Sixshooters batting - Pitching for Nuevo Mexico Mariachis : LHP Gerard Fyson
Batting: RHB Edmond Hallewell 0-0: Ball
1-0: Fly out, F8 (Flyball, 8RS, EV 82.5 MPH)
Batting: RHB José Flores 0-0: Ball
1-0: Ball
2-0: Ball
3-0: Base on Balls
Batting: RHB Sterling Massingham 0-0: Called Strike
0-1: Fly out, F7 (Flyball, 7, EV 81.2 MPH)
Batting: RHB Juan Sierra 0-0: Ball
1-0: Swinging Strike
1-1: Ball
2-1: Ball
3-1: Ground out 4-3 (Groundball, 4, EV 84.4 MPH)
Bottom of the 3rd over - 0 runs, 0 hits, 0 errors, 1 left on base; Nuevo Mexico 0 - Westwood 0
TOP OF THE 4TH
Nuevo Mexico Mariachis batting - Pitching for Westwood Sixshooters : RHP Rio Dring
Batting: RHB Jaime Montés 0-0: Called Strike
0-1: Called Strike
0-2: Ground out 5-3 (Groundball, 56S, EV 67.5 MPH)
Batting: LHB Carlos Díaz 0-0: Ball
1-0: Called Strike
1-1: Ball
2-1: Fly out, F8 (Line Drive, 8RD, EV 96.2 MPH)
Batting: LHB Albert Porter 0-0: Ball
1-0: Swinging Strike
1-1: Foul Ball, location: 2F
1-2: Ball
2-2: Ball
3-2: Ground out 3-1 (Groundball, 34, EV 85.0 MPH)
Top of the 4th over - 0 runs, 0 hits, 0 errors, 0 left on base; Nuevo Mexico 0 - Westwood 0
BOTTOM OF THE 4TH
Westwood Sixshooters batting - Pitching for Nuevo Mexico Mariachis : LHP Gerard Fyson
Batting: RHB John Siddall 0-0: Foul Ball, location: 2F
0-1: SINGLE (Line Drive, 56D, EV 94.4 MPH)
Batting: LHB Luis Benítez 0-0: Ball
1-0: Called Strike
1-1: Ball
2-1: Foul Ball, location: 2F
2-2: Ball
3-2: DOUBLE (Line Drive, 78D, EV 109.4 MPH)
John Siddall to third
Runner from 3rd tries for Home, SAFE, no throw by LF
Batting: RHB Slavik Akentiev 0-0: Ground out 6-3 (Groundball, 6, EV 104.4 MPH)
Batting: LHB Rick Kirkham 0-0: Ball
1-0: Foul Ball, location: 2F
1-1: Fly out, F8 (Flyball, 89D, EV 86.2 MPH)
Runner from 2nd tags up, SAFE at 3rd, no throw by CF
Batting: RHB Earl McCarty 0-0: Called Strike
0-1: Ball
1-1: Swinging Strike
1-2: Strikes out swinging
Bottom of the 4th over - 1 run, 2 hits, 0 errors, 1 left on base; Nuevo Mexico 0 - Westwood 1
TOP OF THE 5TH
Nuevo Mexico Mariachis batting - Pitching for Westwood Sixshooters : RHP Rio Dring
Batting: LHB Greg Rogers 0-0: Foul Ball, location: 2F
0-1: Ground out 4-3 (Groundball, 4, EV 105.6 MPH)
Batting: RHB Marvin Clark 0-0: Ball
1-0: Swinging Strike
1-1: Ground out 5-3 (Groundball, 56S, EV 67.5 MPH)
Batting: RHB Pedro Santos 0-0: Swinging Strike
0-1: Reached on error, E6 (Groundball, 6MS, EV 72.5 MPH)
Batting: LHB Ryutaro Watanabe 0-0: Ball
1-0: SINGLE (Groundball, 4MD, EV 106.2 MPH)
Pedro Santos to third
Runner from 3rd tries for Home, SAFE, throw by CF to home
Ryutaro Watanabe to second
Batting: RHB Sergio Dávalos 0-0: Called Strike
0-1: Foul Ball, location: 2F
0-2: Ball
1-2: Ball
2-2: Fly out, F7 (Flyball, 7S, EV 89.4 MPH)
Top of the 5th over - 1 run, 1 hit, 1 error, 1 left on base; Nuevo Mexico 1 - Westwood 1
BOTTOM OF THE 5TH
Westwood Sixshooters batting - Pitching for Nuevo Mexico Mariachis : LHP Gerard Fyson
Batting: RHB Edmond Hallewell 0-0: Called Strike
0-1: DOUBLE (Line Drive, 89D, EV 106.2 MPH)
Batting: RHB José Flores 0-0: Foul Ball, location: 2F
0-1: Swinging Strike
0-2: Strikes out looking
Batting: RHB Sterling Massingham 0-0: Foul Ball, location: 2F
0-1: Swinging Strike
0-2: Fly out, F4 (Flyball, 34D, EV 85.0 MPH)
Batting: RHB Juan Sierra 0-0: Ball
1-0: Ball
2-0: Foul Ball, location: 2F
2-1: Fly out, F8 (Flyball, 8RXD, EV 96.2 MPH)
Bottom of the 5th over - 0 runs, 1 hit, 0 errors, 1 left on base; Nuevo Mexico 1 - Westwood 1
TOP OF THE 6TH
Nuevo Mexico Mariachis batting - Pitching for Westwood Sixshooters : RHP Rio Dring
Batting: RHB José Salas 0-0: Called Strike
0-1: Ball
1-1: Ball
2-1: Foul Ball, location: 2F
2-2: Hit by Pitch
Batting: RHB Jaime Montés 0-0: Ball
1-0: Ball
2-0: Ball
3-0: Called Strike
3-1: Called Strike
3-2: SINGLE (Line Drive, 8LS, EV 90.6 MPH)
José Salas to second
Batting: LHB Carlos Díaz 0-0: Swinging Strike
0-1: Ball
1-1: Ball
2-1: Called Strike
2-2: Ball
3-2: SINGLE (Line Drive, 8RS, EV 94.4 MPH)
José Salas to third
Jaime Montés to second
Batting: LHB Albert Porter 0-0: Ball
1-0: Grounds into double play, 4-6-3 (Groundball, 4, EV 103.1 MPH)
José Salas scores
Jaime Montés to third
Batting: LHB Greg Rogers 0-0: Fly out, F8 (Flyball, 89D, EV 95.0 MPH)
Top of the 6th over - 1 run, 2 hits, 0 errors, 1 left on base; Nuevo Mexico 2 - Westwood 1
BOTTOM OF THE 6TH
Westwood Sixshooters batting - Pitching for Nuevo Mexico Mariachis : LHP Gerard Fyson
Batting: RHB John Siddall 0-0: Ball
1-0: Foul Ball, location: 2F
1-1: Ground out 2-3 (Groundball, 13S, EV 71.9 MPH)
Batting: LHB Luis Benítez 0-0: Ball
1-0: Ball
2-0: Ball
3-0: Base on Balls
Batting: RHB Slavik Akentiev 0-0: Ball
1-0: Foul Ball, location: 2F
1-1: Ball
2-1: Foul Ball, location: 2F
2-2: Ball
3-2: Fly out, F9 (Flyball, 89D, EV 84.4 MPH)
Batting: LHB Rick Kirkham 0-0: Ball
1-0: Ball
2-0: SINGLE (Line Drive, 78S, EV 96.9 MPH)
Luis Benítez to second
Batting: RHB Earl McCarty 0-0: Called Strike
0-1: DOUBLE (Groundball, 5L, EV 111.2 MPH)
Luis Benítez scores
Rick Kirkham to third
Runner from 3rd tries for Home, SAFE, no throw by LF
Batting: RHB Edmond Hallewell 0-0: Ball
1-0: Ball
2-0: Swinging Strike
2-1: Ground out 5-3 (Groundball, 56S, EV 72.5 MPH)
Bottom of the 6th over - 2 runs, 2 hits, 0 errors, 1 left on base; Nuevo Mexico 2 - Westwood 3
TOP OF THE 7TH
Nuevo Mexico Mariachis batting - Pitching for Westwood Sixshooters : RHP Rio Dring
Batting: RHB Marvin Clark 0-0: Ball
1-0: Swinging Strike
1-1: Called Strike
1-2: Fly out, F7 (Flyball, 78M, EV 96.2 MPH)
Pitching: RHP Koswara Setiadji
Batting: RHB Pedro Santos 0-0: Foul Ball, location: 2F
0-1: Ball
1-1: Swinging Strike
1-2: Ball
2-2: Foul Ball, location: 2F
2-2: Strikes out swinging
Batting: LHB Ryutaro Watanabe 0-0: Ball
1-0: Called Strike
1-1: Fly out, F9 (Flyball, 9LS, EV 91.2 MPH)
Top of the 7th over - 0 runs, 0 hits, 0 errors, 0 left on base; Nuevo Mexico 2 - Westwood 3
BOTTOM OF THE 7TH
Westwood Sixshooters batting - Pitching for Nuevo Mexico Mariachis : LHP Gerard Fyson
Batting: RHB José Flores 0-0: Called Strike
0-1: Ball
1-1: Ball
2-1: Foul Ball, location: 2F
2-2: Foul Ball, location: 2F
2-2: Ball
3-2: Base on Balls
Batting: RHB Sterling Massingham 0-0: Swinging Strike
0-1: SINGLE (Line Drive, 56D, EV 105.6 MPH)
José Flores to second
Batting: RHB Juan Sierra 0-0: Sac Bunt to 3S - play at first, batter OUT! 3-1
José Flores to third
Sterling Massingham to second
Batting: RHB John Siddall 0-0: Called Strike
0-1: Ball
1-1: Foul Ball, location: 2F
1-2: Foul Ball, location: 2F
1-2: Ball
2-2: Ball
3-2: SINGLE (Groundball, 4, EV 82.5 MPH) (infield hit)
José Flores scores
Sterling Massingham to third
Pitching: LHP Ángelo Ruíz
Batting: LHB Luis Benítez 0-0: Called Strike
0-1: Fly out, F8 (Flyball, 8LS, EV 87.5 MPH)
Batting: RHB Slavik Akentiev 0-0: Called Strike
0-1: Called Strike
0-2: Foul Ball, location: 2F
0-2: Ball
1-2: Foul Ball, location: 2F
1-2: Ball
2-2: Strikes out looking
Bottom of the 7th over - 1 run, 2 hits, 0 errors, 2 left on base; Nuevo Mexico 2 - Westwood 4
TOP OF THE 8TH
Nuevo Mexico Mariachis batting - Pitching for Westwood Sixshooters : RHP Koswara Setiadji
Batting: RHB Sergio Dávalos 0-0: Foul Ball, location: 2F
0-1: Called Strike
0-2: Ball
1-2: Strikes out looking
Batting: RHB José Salas 0-0: Ball
1-0: Called Strike
1-1: Ball
2-1: Foul Ball, location: 2F
2-2: Foul Ball, location: 2F
2-2: Foul Ball, location: 2F
2-2: Ball
3-2: Base on Balls
Batting: RHB Jaime Montés 0-0: Ball
1-0: Foul Ball, location: 2F
1-1: 2-RUN HOME RUN (Line Drive, 78XD, EV 101.9 MPH), Distance : 428 ft
Batting: LHB Carlos Díaz 0-0: Ball
1-0: Ball
2-0: Ball
3-0: Called Strike
3-1: Swinging Strike
3-2: Fly out, F7 (Flyball, 7, EV 94.4 MPH)
Batting: LHB Albert Porter 0-0: Called Strike
0-1: Called Strike
0-2: Foul Ball, location: 2F
0-2: Foul Ball, location: 2F
0-2: Strikes out swinging
Top of the 8th over - 2 runs, 1 hit, 0 errors, 0 left on base; Nuevo Mexico 4 - Westwood 4
BOTTOM OF THE 8TH
Westwood Sixshooters batting - Pitching for Nuevo Mexico Mariachis : LHP Ángelo Ruíz
Batting: LHB Rick Kirkham 0-0: Ground out U3 (Groundball, 3, EV 110.0 MPH)
Batting: RHB Earl McCarty 0-0: Ball
1-0: Foul Ball, location: 2F
1-1: Called Strike
1-2: Strikes out swinging
Batting: RHB Edmond Hallewell 0-0: Fly out, F7 (Flyball, 7LM, EV 81.9 MPH)
Bottom of the 8th over - 0 runs, 0 hits, 0 errors, 0 left on base; Nuevo Mexico 4 - Westwood 4
TOP OF THE 9TH
Nuevo Mexico Mariachis batting - Pitching for Westwood Sixshooters : RHP Koswara Setiadji
Batting: LHB Greg Rogers 0-0: Ball
1-0: Ball
2-0: Ball
3-0: Base on Balls
Batting: RHB Marvin Clark 0-0: Bunted foul
0-1: Ball
1-1: Sac Bunt to 3S - play at first, batter OUT! 3-4
Greg Rogers to second
Pinch Hitting: LHB Gustavo Zamora 0-0: Intentional Walk
Batting: LHB Ryutaro Watanabe 0-0: Called Strike
Gustavo Zamora steals 2nd base
Greg Rogers steals 3rd base
0-1: Foul Ball, location: 2F
0-2: Foul Ball, location: 2F
0-2: SINGLE (Groundball, 3, EV 83.1 MPH) (infield hit)
Greg Rogers scores
Gustavo Zamora to third
Pitching: RHP Manny Rodríguez
Batting: RHB Sergio Dávalos 0-0: Ball
1-0: Ball
Wild Pitch!
Gustavo Zamora scores
Ryutaro Watanabe to second
2-0: Foul Ball, location: 2F
2-1: Fly out, F7 (Line Drive, 7, EV 105.6 MPH)
Batting: RHB José Salas 0-0: Foul Ball, location: 2F
0-1: Swinging Strike
0-2: Foul Ball, location: 2F
0-2: Foul Ball, location: 2F
0-2: Ball
1-2: Fly out, F9 (Flyball, 9, EV 81.9 MPH)
Top of the 9th over - 2 runs, 1 hit, 0 errors, 1 left on base; Nuevo Mexico 6 - Westwood 4
BOTTOM OF THE 9TH
Westwood Sixshooters batting - Pitching for Nuevo Mexico Mariachis : LHP Ángelo Ruíz
Pitching: RHP Paco Gómez
Now in LF: Lucky Foote
Batting: RHB José Flores 0-0: Swinging Strike
0-1: Called Strike
0-2: Foul Ball, location: 2F
0-2: Ball
1-2: Ground out 4-3 (Groundball, 4, EV 85.6 MPH)
Batting: RHB Sterling Massingham 0-0: Called Strike
0-1: Swinging Strike
0-2: Ball
1-2: Ball
2-2: Foul Ball, location: 2F
2-2: Strikes out looking
Batting: RHB Juan Sierra 0-0: Ground out 6-3 (Groundball, 6, EV 90.0 MPH)
Bottom of the 9th over - 0 runs, 0 hits, 0 errors, 0 left on base; Nuevo Mexico 6 - Westwood 4
Friday, March 26th, 2021 - OOTP Baseball 20.8 Build 74